| TOP OF THE 1ST |
|
San Francisco Giants batting - Pitching for Miami Marlins : RHP Sean Geer
|
|
Pitching: RHP Sean Geer
|
|
|
Batting: RHB Nick Rigden
|
0-0: Bunt for hit to 15 - play at first, batter safe!
|
|
Batting: RHB Lucan Esini
|
0-0: Ball 1-0: Ball 2-0: Fly out, F8 (Flyball, 8LM, EV 95.0 MPH)
|
|
Batting: RHB Sean Zielinski
|
0-0: Fly out, F4 (Line Drive, 4MD, EV 66.9 MPH)
|
|
Batting: LHB Jack Henningar
|
0-0: Swinging Strike 0-1: Ball 1-1: Foul Ball, location: 2F 1-2: Foul Ball, location: 2F 1-2: Ball 2-2: Ball 3-2: Fly out, F8 (Line Drive, 89M, EV 98.1 MPH)
|
| Top of the 1st over - 0 runs, 1 hit, 0 errors, 1 left on base; San Francisco 0 - Miami 0 |
| BOTTOM OF THE 1ST |
|
Miami Marlins batting - Pitching for San Francisco Giants : LHP Chong-yeol Wong
|
|
Pitching: LHP Chong-yeol Wong
|
|
|
Batting: RHB Roger Salazar
|
0-0: Ball 1-0: Foul Ball, location: 2F 1-1: Foul Ball, location: 2F 1-2: Ground out 4-3 (Groundball, 4, EV 80.6 MPH)
|
|
Batting: RHB Bert Clark
|
0-0: SINGLE (Groundball, 4S, EV 71.9 MPH) (infield hit)
|
|
Batting: LHB Andre Gorter
|
0-0: Ball 1-0: Ball 2-0: Foul Ball, location: 2F 2-1: Ball 3-1: Swinging Strike 3-2: Base on Balls Bert Clark to second
|
|
Batting: RHB Mike Gar
|
0-0: Called Strike 0-1: Ball 1-1: Ball 2-1: Swinging Strike 2-2: Foul Ball, location: 2F 2-2: Strikes out swinging
|
|
Batting: RHB Tony Stedman
|
0-0: Ball 1-0: Foul Ball, location: 2F 1-1: Ball 2-1: Foul Ball, location: 2F 2-2: DOUBLE (Flyball, 89XD, EV 108.8 MPH) Bert Clark scores Andre Gorter to third Runner from 3rd tries for Home, throw by RF and OUT! 9-4-2
|
| Bottom of the 1st over - 1 run, 2 hits, 0 errors, 1 left on base; San Francisco 0 - Miami 1 |
| TOP OF THE 2ND |
|
San Francisco Giants batting - Pitching for Miami Marlins : RHP Sean Geer
|
|
Batting: SHB Ryan Doss
|
0-0: Swinging Strike 0-1: Swinging Strike 0-2: Ball 1-2: Strikes out swinging passed ball, reaches first!
|
|
Batting: LHB Carey Horncole
|
0-0: Called Strike 0-1: Called Strike 0-2: SINGLE (Flyball, 89S, EV 83.8 MPH) Ryan Doss to second Runner from 2nd tries for 3rd, SAFE, throw by RF made to third
|
|
Batting: SHB Bill Dooms
|
0-0: SINGLE (Line Drive, 3D, EV 93.8 MPH) Ryan Doss scores Carey Horncole to second Runner from 2nd tries for 3rd, OUT! 9-5
|
|
Batting: RHB Nate Hodson
|
0-0: Foul Ball, location: 2F 0-1: Ball 1-1: Called Strike 1-2: Ball 2-2: Strikes out swinging
|
|
Batting: LHB Tom Best
|
0-0: Called Strike 0-1: Called Strike 0-2: Ball 1-2: Ground out 4-3 (Groundball, 34, EV 87.5 MPH)
|
| Top of the 2nd over - 1 run, 2 hits, 0 errors, 1 left on base; San Francisco 1 - Miami 1 |
| BOTTOM OF THE 2ND |
|
Miami Marlins batting - Pitching for San Francisco Giants : LHP Chong-yeol Wong
|
|
Batting: RHB Zhi-bin Ou-yang
|
0-0: Foul Ball, location: 2F 0-1: Ball 1-1: Fly out, F8 (Flyball, 8LS, EV 90.0 MPH)
|
|
Batting: RHB Steve Barnard
|
0-0: Foul Ball, location: 2F 0-1: Ground out 1-3 (Groundball, 15S, EV 73.8 MPH)
|
|
Batting: RHB Alberto Cotto
|
0-0: Ball 1-0: Ball 2-0: Fly out, F8 (Flyball, 8RS, EV 91.9 MPH)
|
| Bottom of the 2nd over - 0 runs, 0 hits, 0 errors, 0 left on base; San Francisco 1 - Miami 1 |
| TOP OF THE 3RD |
|
San Francisco Giants batting - Pitching for Miami Marlins : RHP Sean Geer
|
|
Batting: RHB Nick Rigden
|
0-0: Called Strike 0-1: Called Strike 0-2: Ball 1-2: Ball 2-2: Strikes out looking
|
|
Batting: RHB Lucan Esini
|
0-0: Called Strike 0-1: Fly out, F7 (Line Drive, 78M, EV 88.1 MPH)
|
|
Batting: RHB Sean Zielinski
|
0-0: Called Strike 0-1: SINGLE (Groundball, 6M, EV 106.9 MPH)
|
|
Batting: LHB Jack Henningar
|
0-0: Foul Ball, location: 2F 0-1: Ball 1-1: Ball 2-1: Swinging Strike 2-2: Foul Ball, location: 2F 2-2: Ball Sean Zielinski steals 2nd base (no throw) 3-2: Foul Ball, location: 2F 3-2: Foul Ball, location: 2F 3-2: Fly out, F7 (Flyball, 78D, EV 102.5 MPH)
|
| Top of the 3rd over - 0 runs, 1 hit, 0 errors, 1 left on base; San Francisco 1 - Miami 1 |
| BOTTOM OF THE 3RD |
|
Miami Marlins batting - Pitching for San Francisco Giants : LHP Chong-yeol Wong
|
|
Batting: LHB Jose Bregaro
|
0-0: Ball 1-0: Ball 2-0: Ball 3-0: Base on Balls
|
|
Batting: RHB Roger Salazar
|
0-0: Ball 1-0: Ball 2-0: Foul Ball, location: 2F 2-1: Ball 3-1: Foul Ball, location: 2F 3-2: Fly out, F9 (Flyball, 89S, EV 92.5 MPH)
|
|
Batting: RHB Bert Clark
|
0-0: Ball 1-0: Foul Ball, location: 2F 1-1: Fly out, F6 (Line Drive, 6, EV 70.6 MPH)
|
|
Batting: LHB Andre Gorter
|
0-0: Called Strike 0-1: Ball 1-1: Ball 2-1: Ball 3-1: Foul Ball, location: 2F 3-2: Foul Ball, location: 2F 3-2: Strikes out swinging
|
| Bottom of the 3rd over - 0 runs, 0 hits, 0 errors, 1 left on base; San Francisco 1 - Miami 1 |
| TOP OF THE 4TH |
|
San Francisco Giants batting - Pitching for Miami Marlins : RHP Sean Geer
|
|
Batting: SHB Ryan Doss
|
0-0: Ball 1-0: Ground out 4-3 (Groundball, 4, EV 82.5 MPH)
|
|
Batting: LHB Carey Horncole
|
0-0: Reached on error, E4 (Groundball, 4, EV 100.6 MPH)
|
|
Batting: SHB Bill Dooms
|
0-0: Called Strike Carey Horncole is caught stealing 2nd base 2-6 0-1: Ball 1-1: Ball 2-1: Called Strike 2-2: Fly out, F3 (Popup, 3SF, EV 72.5 MPH)
|
| Top of the 4th over - 0 runs, 0 hits, 1 error, 0 left on base; San Francisco 1 - Miami 1 |
| BOTTOM OF THE 4TH |
|
Miami Marlins batting - Pitching for San Francisco Giants : LHP Chong-yeol Wong
|
|
Batting: RHB Mike Gar
|
0-0: Swinging Strike 0-1: Swinging Strike 0-2: Ball 1-2: Ball 2-2: Ball 3-2: Strikes out swinging
|
|
Batting: RHB Tony Stedman
|
0-0: Ball 1-0: Called Strike 1-1: Foul Ball, location: 2F 1-2: Foul Ball, location: 2F 1-2: Ball 2-2: Ball 3-2: Foul Ball, location: 2F 3-2: Fly out, F9 (Flyball, 89M, EV 88.8 MPH)
|
|
Batting: RHB Zhi-bin Ou-yang
|
0-0: Called Strike 0-1: Ball 1-1: Ball 2-1: Ball 3-1: Foul Ball, location: 2F 3-2: Base on Balls
|
|
Batting: RHB Steve Barnard
|
0-0: Ball Wild Pitch! Zhi-bin Ou-yang to second 1-0: Swinging Strike 1-1: Ball 2-1: Foul Ball, location: 2F 2-2: Ball 3-2: Base on Balls
|
|
Batting: RHB Alberto Cotto
|
0-0: Fly out, F8 (Line Drive, 8LD, EV 90.0 MPH)
|
| Bottom of the 4th over - 0 runs, 0 hits, 0 errors, 2 left on base; San Francisco 1 - Miami 1 |
| TOP OF THE 5TH |
|
San Francisco Giants batting - Pitching for Miami Marlins : RHP Sean Geer
|
|
Batting: RHB Nate Hodson
|
0-0: Called Strike 0-1: Foul Ball, location: 2F 0-2: Ball 1-2: Ball 2-2: Foul Ball, location: 2F 2-2: Foul Ball, location: 2F 2-2: Ball 3-2: Foul Ball, location: 2F 3-2: Foul Ball, location: 2F 3-2: Fly out, F5 (Popup, 56S, EV 77.5 MPH)
|
|
Batting: LHB Tom Best
|
0-0: Foul Ball, location: 2F 0-1: SINGLE (Groundball, 4MS, EV 70.0 MPH) (infield hit)
|
|
Batting: RHB Nick Rigden
|
0-0: Called Strike 0-1: Grounds into double play, 6-4-3 (Groundball, 6, EV 101.2 MPH)
|
| Top of the 5th over - 0 runs, 1 hit, 0 errors, 0 left on base; San Francisco 1 - Miami 1 |
| BOTTOM OF THE 5TH |
|
Miami Marlins batting - Pitching for San Francisco Giants : LHP Chong-yeol Wong
|
|
Batting: LHB Jose Bregaro
|
0-0: Foul Ball, location: 2F 0-1: Fly out, F4 (Popup, 4M, EV 67.5 MPH)
|
|
Batting: RHB Roger Salazar
|
0-0: Ball 1-0: Ball 2-0: Called Strike 2-1: Called Strike 2-2: Ball 3-2: Foul Ball, location: 2F 3-2: Base on Balls
|
|
Batting: RHB Bert Clark
|
0-0: Ball 1-0: Ground out 5-3 (Groundball, P, EV 87.5 MPH) Roger Salazar to second
|
|
Pitching: RHP Josh Lister
|
|
|
Batting: LHB Andre Gorter
|
0-0: Called Strike 0-1: Ball 1-1: Ball 2-1: Fly out, F5 (Popup, 5F, EV 72.5 MPH)
|
| Bottom of the 5th over - 0 runs, 0 hits, 0 errors, 1 left on base; San Francisco 1 - Miami 1 |
| TOP OF THE 6TH |
|
San Francisco Giants batting - Pitching for Miami Marlins : RHP Sean Geer
|
|
Batting: RHB Lucan Esini
|
0-0: Ball 1-0: Foul Ball, location: 2F 1-1: Ground out 4-3 (Groundball, 4S, EV 81.2 MPH)
|
|
Batting: RHB Sean Zielinski
|
0-0: Ball 1-0: Swinging Strike 1-1: Swinging Strike 1-2: Foul Ball, location: 2F 1-2: Strikes out swinging
|
|
Batting: LHB Jack Henningar
|
0-0: Foul Ball, location: 2F 0-1: Called Strike 0-2: Ball 1-2: Ball 2-2: Ground out 2-3 (Groundball, 13S, EV 66.2 MPH)
|
| Top of the 6th over - 0 runs, 0 hits, 0 errors, 0 left on base; San Francisco 1 - Miami 1 |
| BOTTOM OF THE 6TH |
|
Miami Marlins batting - Pitching for San Francisco Giants : RHP Josh Lister
|
|
Batting: RHB Mike Gar
|
0-0: Foul Ball, location: 2F 0-1: Swinging Strike 0-2: Ball 1-2: Ball 2-2: Foul Ball, location: 2F 2-2: Ground out U3 (Groundball, 3L, EV 86.2 MPH)
|
|
Batting: RHB Tony Stedman
|
0-0: Called Strike 0-1: Ball 1-1: Swinging Strike 1-2: Strikes out looking
|
|
Batting: RHB Zhi-bin Ou-yang
|
0-0: Called Strike 0-1: Ground out 4-3 (Groundball, 34, EV 103.1 MPH)
|
| Bottom of the 6th over - 0 runs, 0 hits, 0 errors, 0 left on base; San Francisco 1 - Miami 1 |
| TOP OF THE 7TH |
|
San Francisco Giants batting - Pitching for Miami Marlins : RHP Sean Geer
|
|
Batting: SHB Ryan Doss
|
0-0: Swinging Strike 0-1: Foul Ball, location: 2F 0-2: Strikes out looking
|
|
Batting: LHB Carey Horncole
|
0-0: Foul Ball, location: 2F 0-1: Ball 1-1: Called Strike 1-2: Ball 2-2: Fly out, F3 (Popup, 3F, EV 75.0 MPH)
|
|
Batting: SHB Bill Dooms
|
0-0: Called Strike 0-1: Ball 1-1: Foul Ball, location: 2F 1-2: Strikes out swinging
|
| Top of the 7th over - 0 runs, 0 hits, 0 errors, 0 left on base; San Francisco 1 - Miami 1 |
| BOTTOM OF THE 7TH |
|
Miami Marlins batting - Pitching for San Francisco Giants : RHP Josh Lister
|
|
Batting: RHB Steve Barnard
|
0-0: Ground out 4-3 (Groundball, 4, EV 91.9 MPH)
|
|
Batting: RHB Alberto Cotto
|
0-0: Fly out, F4 (Popup, 4S, EV 78.1 MPH)
|
|
Batting: LHB Jose Bregaro
|
0-0: Called Strike 0-1: Called Strike 0-2: Ball 1-2: Foul Ball, location: 2F 1-2: Ball 2-2: Strikes out swinging
|
| Bottom of the 7th over - 0 runs, 0 hits, 0 errors, 0 left on base; San Francisco 1 - Miami 1 |
| TOP OF THE 8TH |
|
San Francisco Giants batting - Pitching for Miami Marlins : RHP Sean Geer
|
|
Batting: RHB Nate Hodson
|
0-0: Fly out, F8 (Flyball, 8LXD, EV 82.5 MPH)
|
|
Batting: LHB Tom Best
|
0-0: Foul Ball, location: 2F 0-1: SINGLE (Line Drive, 7LS, EV 100.0 MPH)
|
|
Batting: RHB Nick Rigden
|
0-0: Swinging Strike 0-1: Called Strike 0-2: Strikes out swinging
|
|
Batting: RHB Lucan Esini
|
0-0: Ball 1-0: Ball 2-0: Ball 3-0: Called Strike 3-1: Called Strike 3-2: Strikes out swinging
|
| Top of the 8th over - 0 runs, 1 hit, 0 errors, 1 left on base; San Francisco 1 - Miami 1 |
| BOTTOM OF THE 8TH |
|
Miami Marlins batting - Pitching for San Francisco Giants : RHP Josh Lister
|
|
Pinch Hitting: SHB Ramon Martinez
|
0-0: Fly out, F5 (Popup, 5DF, EV 55.6 MPH)
|
|
Batting: RHB Bert Clark
|
0-0: Swinging Strike 0-1: Ball 1-1: Swinging Strike 1-2: Strikes out swinging
|
|
Pitching: LHP Chris Moris
|
|
|
Batting: LHB Andre Gorter
|
0-0: Ground out 4-3 (Groundball, 4, EV 90.0 MPH)
|
| Bottom of the 8th over - 0 runs, 0 hits, 0 errors, 0 left on base; San Francisco 1 - Miami 1 |
| TOP OF THE 9TH |
|
San Francisco Giants batting - Pitching for Miami Marlins : RHP Sean Geer
|
|
Pitching: RHP Tim Barnett
|
|
|
Now at SS: Ramon Martinez
|
|
|
Batting: RHB Sean Zielinski
|
0-0: Ball 1-0: Swinging Strike 1-1: Swinging Strike 1-2: Foul Ball, location: 2F 1-2: Foul Ball, location: 2F 1-2: Strikes out swinging
|
|
Batting: LHB Jack Henningar
|
0-0: Swinging Strike 0-1: Ball 1-1: Called Strike 1-2: Ball 2-2: Foul Ball, location: 2F 2-2: Ball 3-2: Foul Ball, location: 2F 3-2: Fly out, F8 (Flyball, 8LD, EV 98.1 MPH)
|
|
Batting: SHB Ryan Doss
|
0-0: Ball 1-0: Ball 2-0: Ball 3-0: Called Strike 3-1: Fly out, F8 (Flyball, 8RD, EV 99.4 MPH)
|
| Top of the 9th over - 0 runs, 0 hits, 0 errors, 0 left on base; San Francisco 1 - Miami 1 |
| BOTTOM OF THE 9TH |
|
Miami Marlins batting - Pitching for San Francisco Giants : LHP Chris Moris
|
|
Pitching: RHP Andrew Kindig
|
|
|
Batting: RHB Mike Gar
|
0-0: Ball 1-0: Called Strike 1-1: Foul Ball, location: 2F 1-2: Strikes out swinging
|
|
Batting: RHB Tony Stedman
|
0-0: Called Strike 0-1: Ground out 5-3 (Groundball, 56S, EV 72.5 MPH)
|
|
Batting: RHB Zhi-bin Ou-yang
|
0-0: Ball 1-0: Ground out 4-3 (Groundball, 34, EV 77.5 MPH)
|
| Bottom of the 9th over - 0 runs, 0 hits, 0 errors, 0 left on base; San Francisco 1 - Miami 1 |
| TOP OF THE 10TH |
|
San Francisco Giants batting - Pitching for Miami Marlins : RHP Tim Barnett
|
|
Batting: LHB Carey Horncole
|
0-0: DOUBLE (Flyball, 8LXD, EV 90.6 MPH)
|
|
Batting: SHB Bill Dooms
|
0-0: Called Strike 0-1: Ball 1-1: Ball 2-1: Ball 3-1: Ground out 4-3 (Groundball, 4, EV 81.2 MPH) Carey Horncole to third
|
|
Batting: RHB Nate Hodson
|
0-0: SINGLE (Line Drive, 34, EV 94.4 MPH) Carey Horncole scores
|
|
Batting: LHB Tom Best
|
0-0: Swinging Strike 0-1: Ball 1-1: Called Strike 1-2: Ball 2-2: Ball 3-2: Foul Ball, location: 2F 3-2: SINGLE (Groundball, 4M, EV 103.8 MPH) (infield hit) Nate Hodson to second
|
|
Batting: RHB Nick Rigden
|
0-0: Ball 1-0: Called Strike 1-1: Fielders Choice at 2nd, 6-4 (Groundball, 56, EV 79.4 MPH) Nate Hodson to third
|
|
Batting: RHB Lucan Esini
|
0-0: Called Strike 0-1: Foul Ball, location: 2F 0-2: Ball 1-2: Ball 2-2: Strikes out swinging
|
| Top of the 10th over - 1 run, 3 hits, 0 errors, 2 left on base; San Francisco 2 - Miami 1 |
| BOTTOM OF THE 10TH |
|
Miami Marlins batting - Pitching for San Francisco Giants : RHP Andrew Kindig
|
|
Batting: RHB Steve Barnard
|
0-0: Called Strike 0-1: Ball 1-1: Ball 2-1: Foul Ball, location: 2F 2-2: Strikes out looking
|
|
Batting: RHB Alberto Cotto
|
0-0: Called Strike 0-1: DOUBLE (Flyball, 8RXD, EV 89.4 MPH)
|
|
Batting: LHB Jose Bregaro
|
0-0: Swinging Strike 0-1: Ball 1-1: Swinging Strike 1-2: Ball 2-2: Ball 3-2: SINGLE (Line Drive, 4D, EV 101.9 MPH) Alberto Cotto to third
|
|
Batting: SHB Ramon Martinez
|
0-0: Foul Ball, location: 2F 0-1: Called Strike 0-2: Strikes out swinging
|
|
Batting: RHB Bert Clark
|
0-0: Foul Ball, location: 2F 0-1: Fielders Choice at 2nd, 5-4 (Groundball, 56, EV 107.5 MPH)
|
| Bottom of the 10th over - 0 runs, 2 hits, 0 errors, 2 left on base; San Francisco 2 - Miami 1 |
|